 Dungeon Crawl Stone Soup version 0.30.1 (webtiles) character file.

Game seed: 16064915265527257580

5901 Graphine the Nimble (level 10, -30/89 HPs)
             Began as a Merfolk Gladiator on July 10, 2023.
             Was a Believer of Sif Muna.
             Annihilated by a two-headed ogre
             ... wielding a +0 giant club
              (81 damage)
             ... on level 10 of the Dungeon.
             The game lasted 00:23:25 (8717 turns).

Graphine the Nimble (Merfolk Gladiator)             Turns: 8717, Time: 00:23:26

Health: -30/89     AC: 12    Str: 14    XL:     10   Next: 82%
Magic:  10/10      EV:  2    Int: 13    God:    Sif Muna [**....]
Gold:   575        SH:  0    Dex: 15    Spells: 8/9 levels left

rFire   + . .        a - +2 long sword (spect)
rCold   . . .        N - +0 kite shield
rNeg    + . .        K - +0 steam dragon scales
rPois   .            c - +1 helmet
rElec   +            p - +0 cloak
rCorr   +            (no gloves)
SInv    .            O - +3 pair of seven-league boots {Rampage+∞}
Will    .....        g - amulet of reflection
Stlth   +            m - ring of wizardry
HPRegen 0.34/turn    z - ring of Midnight {rElec rF+ rN+ rCorr}
MPRegen 0.12/turn

%: reflection, rampage+∞, wizardry (x1)
@: sleeping, studying Fighting
A: (nimble swimmer 2), mertail
a: Renounce Religion, Channel Magic


You were on level 10 of the Dungeon.
You worshipped Sif Muna.
Sif Muna was pleased with you.
You visited 2 branches of the dungeon, and saw 12 of its levels.
You also visited: Ossuary.

You collected 700 gold pieces.
You spent 125 gold pieces at shops.

Inventory:

Hand Weapons
 a - a +2 spectral long sword (weapon)
 b - a +3 great sword of electrocution
 B - a +0 falchion of protection
Missiles
 d - 4 throwing nets (quivered)
 e - a javelin
 R - 3 boomerangs of dispersal
Armour
 c - a +1 helmet (worn)
 h - the +2 leather armour of the Evening {-Tele +Inv Int+2}
   (You found it on level 2 of the Dungeon)

   Int:       It affects your intelligence (+2).
   +Inv:      It lets you turn invisible.
   -Tele:     It prevents most forms of teleportation.
 p - a +0 cloak (worn)
 K - +0 steam dragon scales (worn)
 N - a +0 kite shield (worn)
 O - the +3 pair of seven-league boots (worn) {Rampage+∞}
   (You acquired it on level 7 of the Dungeon)

   Rampage+∞: When moving toward enemies, its wearer moves as far as possible,
   alerting their target en route.
 T - a +0 tower shield
Jewellery
 g - an amulet of reflection (around neck)
 m - a ring of wizardry (left hand)
 w - a ring of protection from cold
 z - the ring of Midnight (right hand) {rElec rF+ rN+ rCorr}
   (You bought it in a shop on level 1 of the Dungeon)

   [ring of positive energy]

   rF:        It protects you from fire.
   rElec:     It insulates you from electricity.
   rN:        It protects you from negative energy.
   rCorr:     It protects you from acid and corrosion.
 A - an amulet of the acrobat
 F - a +6 ring of strength
 L - an amulet of guardian spirit
Wands
 D - a wand of paralysis (12)
 E - a wand of flame (14)
 G - a wand of digging (3)
 I - a wand of iceblast (11)
 J - a wand of polymorph (8)
Scrolls
 n - 2 scrolls of immolation
 q - 4 scrolls of amnesia
 r - 2 scrolls of fog
 u - 3 scrolls of magic mapping
 v - 6 scrolls of teleportation
 x - 2 scrolls of blinking
 y - a scroll of brand weapon
 Q - a scroll of enchant armour
Potions
 f - a potion of berserk rage
 i - a potion of heal wounds
 j - 8 potions of curing
 k - 4 potions of brilliance
 l - 2 potions of attraction
 o - a potion of magic {unknown}
 s - 2 potions of invisibility {unknown}
 t - 4 potions of mutation {unknown}
 C - a potion of might {unknown}
 H - a potion of degeneration {unknown}
 M - a potion of lignification {unknown}
 P - 3 potions of flight {unknown}
 S - a potion of ambrosia {unknown}


   Skills:
 + Level 12.0 Fighting
 + Level 11.2 Long Blades
 - Level 3.0 Throwing
 - Level 2.0 Armour
 + Level 12.2 Dodging
 + Level 0.0 Shields


You had 8 spell levels left.
You knew the following spells:

 Your Spells              Type           Power      Damage    Failure   Level
a - Slow                  Hex            0%         N/A       41%         1

Your spell library contained the following spells:

 Spells                   Type           Power      Damage    Failure   Level
 Apportation              Tloc           0%         N/A       41%         1
 Kiss of Death            Conj/Necr      0%         2d5       41%         1
 Necrotise                Necr           0%         1d4       41%         1
 Blink                    Tloc           0%         N/A       54%         2
 Ensorcelled Hibernation  Hex/Ice        0%         N/A       54%         2
 Passwall                 Tmut/Erth      0%         N/A       54%         2
 Sublimation of Blood     Necr           0%         N/A       54%         2
 Confusing Touch          Hex            0%         N/A       77%         3
 Swiftness                Air            0%         N/A       77%         3
 Tukima's Dance           Hex            0%         N/A       77%         3
 Vampiric Draining        Necr           0%         2d6       77%         3
 Dispel Undead            Necr           0%         3d6       98%         4
 Manifold Assault         Tloc           0%         N/A       98%         4
 Passage of Golubria      Tloc           0%         N/A       98%         4
 Petrify                  Tmut/Erth      0%         N/A       98%         4
 Agony                    Necr           0%         N/A       100%        5
 Alistair's Intoxication  Tmut/Pois      0%         N/A       100%        5
 Irradiate                Conj/Tmut      0%         3d11      100%        5
 Yara's Violent Unravell  Hex/Tmut       0%         3d3       100%        5
 Storm Form               Tmut/Air       0%         N/A       100%        7


Dungeon Overview and Level Annotations

Branches:
Dungeon (11/15)            Temple (1/1) D:7             Orc (0/2) D:9
Ossuary (visited)
   Lair: D:8-11

Altars:
Ashenzari
Cheibriados
Dithmenos
Elyvilon
Fedhas
Gozag
Hepliaklqana
Kikubaaqudgha
Makhleb
Nemelex Xobeh
Okawaru
Qazlal
Ru
Sif Muna
Trog
Uskayaw
Vehumet
Wu Jian
Xom
Yredelemnul
Zin

Shops:
D:1 *   D:10 *

Portals:
Trove: D:10 (give +3 ice dragon scales)


Innate Abilities, Weirdness & Mutations

((You are very nimble when in or above water. (Stealth+, EV+, Speed+++)))
Your lower body shifts to a powerful aquatic tail in water.


Message History

A dream sheep comes into view.
The gnoll bouda gazes fiercely through you!
You feel your attacks grow feeble.
You slash the gnoll bouda!
The gnoll bouda is heavily wounded.
Your +2 spectral long sword barely misses the gnoll bouda.
You block the gnoll bouda's attack.
The two-headed ogre completely misses your +2 spectral long sword.
The two-headed ogre barely misses your +2 spectral long sword.
You barely miss the gnoll bouda.
The gnoll bouda is heavily wounded.
Your +2 spectral long sword closely misses the gnoll bouda.
The dream sheep shake their wool and sparkle.
You feel drowsy...
You fall asleep.
The gnoll bouda hits you with a +0 quarterstaff!!
You wake up.
You hit the gnoll bouda but do no damage.
The gnoll bouda is heavily wounded.
Your +2 spectral long sword hits the gnoll bouda.
You hit the two-headed ogre.
The two-headed ogre is lightly wounded.
Your +2 spectral long sword hits the two-headed ogre but does no damage.
Your attacks no longer feel as feeble.
You hit the two-headed ogre.
The two-headed ogre is lightly wounded.
Your +2 spectral long sword hits the two-headed ogre!
The two-headed ogre hits you but does no damage.
You block the two-headed ogre's attack.
You barely miss the two-headed ogre.
The two-headed ogre is moderately wounded.
Your +2 spectral long sword hits the two-headed ogre but does no damage.
The two-headed ogre misses you. The two-headed ogre closely misses you.
The dream sheep shake their wool and sparkle.
You feel drowsy...
You fall asleep.
The dream sheep misses your +2 spectral long sword.
Your +2 spectral long sword disappears.
The dream sheep "Baaaas" sleepily.
The two-headed ogre hits you with a +0 giant club!!!!
Ouch! That really hurt!
You die...

### # #..
########.#.#
#.../...!#.#######
#.# #.....gY.O@..#
#.#
....##Y##Y###...#
###.# Y #.#.## #..
....# #...# ###.#
#.#.## ###)###
##.##.###.#..
#.....#
##............
#.###.#
##.....##.####.
#.#
#.#.##.....##.#


You could see a two-headed ogre, 3 dream sheep and a gnoll bouda.

Vanquished Creatures
  A vault guard (D:10)
  Maggie (D:7)
  A hornet (D:9)
  3 slime creatures (D:9)
  A wraith (D:10)
  A wyvern (D:9)
  3 yaks (D:10)
  3 vampire mosquitoes (D:8)
  Duvessa (D:7)
  3 orc warriors
  An ice beast (D:6)
  A sky beast (D:6)
  3 ogres
  6 centaurs
  2 phantoms
  4 bullfrogs
  4 water moccasin zombies (Ossuary)
  Dowan (D:7)
  3 killer bees (D:9)
  A crimson imp (D:8)
  A jelly (D:5)
  5 orc priests
  4 hounds
  3 iguanas
  7 orc wizards
  A sleepcap (D:5)
  A gnoll bouda (D:8)
  2 mummies (Ossuary)
  6 adders
  12 gnolls
  3 white imps
  4 adder zombies (Ossuary)
  3 dart slugs
  48 orcs
  9 endoplasms
  6 giant cockroaches
  3 gnoll zombies (Ossuary)
  6 hobgoblins
  2 jackals (D:5)
  6 kobolds
  3 quokkas
  4 ball pythons (D:1)
  4 bats
  4 frilled lizards
  14 goblins
  2 hobgoblin zombies (Ossuary)
  3 kobold zombies (Ossuary)
  5 orc zombies (Ossuary)
  7 rats
  A spectral goblin (D:5)
  A spectral weapon (D:8)
224 creatures vanquished.

Vanquished Creatures (others)
  3 spectral weapons
3 creatures vanquished.

Grand Total: 227 creatures vanquished

Notes
Turn   | Place    | Note
-------+----------+-------------------------------------------
     0 | D:1      | Graphine the Merfolk Gladiator began the quest for the Orb.
     0 | D:1      | Reached XP level 1. HP: 16/16 MP: 1/1
    74 | D:1      | Reached XP level 2. HP: 17/23 MP: 2/2
   442 | D:1      | Reached XP level 3. HP: 27/28 MP: 3/3
   652 | D:1      | Found Aromy's Assorted Antiques.
   938 | D:2      | Identified the +2 leather armour of the Evening {-Tele +Inv
                  | Int+2}
  1256 | D:2      | Learned a level 1 spell: Slow
  1423 | D:3      | Reached XP level 4. HP: 33/34 MP: 4/4
  1440 | D:3      | Found a sparkling altar of Nemelex Xobeh.
  1467 | D:3      | Reached skill level 1 in Armour
  2229 | D:3      | Found an ancient bone altar of Kikubaaqudgha.
  2232 | D:3      | Found a blossoming altar of Fedhas.
  2237 | D:3      | Found a sacrificial altar of Ru.
  2327 | D:4      | Reached XP level 5. HP: 38/41 MP: 5/5
  2440 | D:4      | Reached skill level 5 in Dodging
  3080 | D:5      | Entered Level 5 of the Dungeon
  3097 | D:5      | Reached XP level 6. HP: 48/48 MP: 6/6
  3130 | D:5      | Found a hazy altar of Hepliaklqana.
  3150 | D:5      | Reached skill level 5 in Long Blades
  3206 | D:5      | Reached XP level 7. HP: 31/54 MP: 7/7
  3706 | D:6      | Reached skill level 5 in Fighting
  3756 | D:6      | Reached XP level 8. HP: 39/63 MP: 8/8
  3874 | D:6      | Found a sand-covered staircase.
  3881 | Ossuary  | Entered an ossuary
  4552 | D:7      | Noticed Duvessa
  4555 | D:7      | Found a snail-covered altar of Cheibriados.
  4555 | D:7      | Noticed Dowan
  4563 | D:7      | Killed Duvessa
  4566 | D:7      | Killed Dowan
  4691 | D:7      | Reached XP level 9. HP: 72/72 MP: 9/9
  4720 | D:7      | Noticed Maggie
  4733 | D:7      | Killed Maggie
  4943 | D:7      | Found a staircase to the Ecumenical Temple.
  4978 | Temple   | Entered the Ecumenical Temple
  5211 | Temple   | Became a worshipper of Sif Muna the Loreminder
  5298 | D:7      | Identified the staff of death "Ynwar" {rN+ Dex+4}
  5421 | D:7      | Identified 2 scrolls of acquirement
  5423 | D:7      | Acquired the +3 pair of seven-league boots {Rampage+∞}
  5423 | D:7      | Found the +3 pair of seven-league boots {Rampage+∞}
  5429 | D:7      | Acquired a manual of Fighting
  5786 | D:8      | Reached skill level 10 in Dodging
  6815 | D:9      | Reached * piety under Sif Muna
  6850 | D:9      | Found a staircase to the Orcish Mines.
  6923 | D:9      | Reached XP level 10. HP: 49/85 MP: 10/10
  7072 | D:9      | Reached skill level 10 in Fighting
  7072 | D:9      | Reached skill level 10 in Long Blades
  7373 | D:9      | Reached ** piety under Sif Muna
  7860 | D:10     | Entered Level 10 of the Dungeon
  7873 | D:10     | Noticed a vault guard
  7886 | D:10     | Killed a vault guard
  7988 | D:10     | Found a portal to a secret trove of treasure.
  8087 | D:10     | Found Dabouran's Fire Supplies.
  8275 | D:1      | Bought a slimy lapis lazuli ring for 125 gold pieces
  8275 | D:1      | Identified the ring of Midnight {rElec rF+ rN+ rCorr} (You
                  | bought it in a shop on level 1 of the Dungeon)
  8701 | D:10     | Noticed a two-headed ogre
  8717 | D:10     | Annihilated by a two-headed ogre

Illustrated notes

Levels and vault maps discovered:
D:1:      nzn_arrival_crosshair, layout_basic, serial_shops,
          nicolae_shop_advertising_works [nicolae_subvault_shop_adworks],
          roderic_lattice_a, minmay_door_square, minmay_3d_cube
D:2:      layout_rooms, kennysheep_generic_room_11
D:3:      layout_loops_ring, grunt_temple_overflow_diamond,
          mainiacjoe_overflow_alcove_4, chequers_serial_rivers_small_b,
          minivault_5
D:4:      layout_basic, nrook_campfire
D:5:      layout_rooms, nicolae_hepliaklqana_monster_ancestors
D:6:      layout_basic, chequers_ossuary_entry_cave
D:7:      layout_cave_pools, lemuel_crystal_altar,
          minmay_temple_entry_offerings, uniq_duvessa, uniq_maggie
D:8:      layout_loops_ring, minmay_fire_ice_demons
D:9:      layout_loops_cross, hiddenorc2_lemuel
D:10:     layout_loops_ring, tso_metal_star, enter_trove_5,
          minmay_misc_feat_diagonals, nicolae_shop_fire_sale
          [nicolae_sub_dead_trees], dreamdust_gnoll_shepherd
D:11:     layout_roguey, minmay_lair_entry_grove, uniq_harold
Temple:   regret_index_temple_generic_petals

Skill      XL: |  1  2  3  4  5  6  7  8  9 10 |
---------------+-------------------------------+-----
Long Blades    | 4 5 6 8 9 11 | 11.2
Armour         | 1 2 |  2.0
Fighting       | 3 4 5 7 9 12 | 12.0
Dodging        | 5 6 7 8 10 12 | 12.2
Throwing       | 3 |  3.0

Action                     |  1- 3 |  4- 6 |  7- 9 | 10-12 || total
---------------------------+-------+-------+-------+-------++-------
  Melee: Long sword        |   104 |   108 |   327 |    97 ||   636
         Punch             |     3 |       |     5 |       ||     8
  Evoke: Wand              |       |       |     8 |     1 ||     9
    Use: Scroll            |     8 |       |    13 |     4 ||    25
         Potion            |       |       |     2 |     1 ||     3
   Stab: Sleeping          |     1 |     3 |       |       ||     4
         Distracted        |       |     1 |     4 |     4 ||     9
 Armour: Leather armour    |    18 |    30 |    55 |     3 ||   106
         Steam dragon scal |       |       |       |    12 ||    12
  Dodge: Dodged            |    70 |    73 |   172 |    44 ||   359
  Block: Other             |    18 |    27 |    68 |     6 ||   119
         Reflection        |     1 |     2 |     1 |     4 ||     8
         Kite shield       |       |       |       |    34 ||    34
